 Dungeon Crawl Stone Soup version 0.30-b1-2-g02819fbbbe (webtiles) character file.

Game seed: 14120424526986694161

17 Alarkh the Sneak (level 2, 22/24 HPs)
             Began as a Demonspawn Delver on May 22, 2023.
             Quit the game on level 3 of the Dungeon.
             The game lasted 00:02:03 (504 turns).

Alarkh the Sneak (Demonspawn Delver)                 Turns: 504, Time: 00:02:03

Health: 22/24      AC:  4    Str: 12    XL:     2   Next: 44%
Magic:  2/2        EV: 11    Int: 11    God:
Gold:   33         SH:  0    Dex: 14    Spells: 1/1 levels left

rFire   . .          .
                       - Unarmed
rCold   . . .        (no shield)
rNeg    . . .        a - +0 leather armour
rPois   .            (no helmet)
rElec   .            (no cloak)
rCorr   .            e - +0 pair of gloves
SInv    .            (no boots)
Will    .....        (no amulet)
Stlth   ++           (no ring)
HPRegen 0.24/turn    (no ring)
MPRegen 0.08/turn

%: no passive effects
@: on berserk cooldown
A: demonic guardian 1
a: no special abilities


You were on level 3 of the Dungeon.
You visited 1 branch of the dungeon, and saw 4 of its levels.

You collected 33 gold pieces.

Inventory:

Armour
 a - a +0 leather armour (worn)
 e - a +0 pair of gloves (worn)
Wands
 f - a wand of digging (3)
Scrolls
 b - a scroll of fog


   Skills:
 - Level 3.0 Fighting
 - Level 1.7 Dodging
 - Level 4.5 Stealth
 + Level 2.8 Unarmed Combat


You had one spell level left.
You didn't know any spells.
Your spell library was empty.

Dungeon Overview and Level Annotations

Branches:
Dungeon (6/15)
 Temple: D:4-7

Altars:
Fedhas
Sif Muna
Wu Jian

Annotations:
D:5 exclusion: jelly


Innate Abilities, Weirdness & Mutations

A weak demonic guardian rushes to your aid.


Message History

You feel yourself moving faster!
You feel mighty!
You feel a strong urge to attack something.
You climb upwards.
The adder bites you. The adder bites you but does no damage.
There is a stone staircase leading down here.
You barely miss the adder. The adder bites you.
You are poisoned.
The adder poisons you!
You miss the adder.
You feel sick. The bat hits you. The adder misses you.
You punch the adder!
You kill the adder!
You feel sick. The bat barely misses you.
You have reached level 2!
Your demonic ancestry asserts itself...
You feel the presence of a demonic guardian.
You barely miss the ball python. The ball python barely misses you. x2
You closely miss the ball python.
You feel sick. The bat hits you but does no damage.
The ball python closely misses you. The ball python grabs you.
The ball python constricts you.
You punch the ball python!
You kill the ball python!
You feel sick. The bat hits you but does no damage.
You miss the bat. Your punch misses the bat. The bat barely misses you.
You are no longer berserk.
You are exhausted.
You feel yourself slow down.
You feel sick.
You feel sick. The bat hits you but does no damage. The bat closely misses you.
You hit the bat.
The bat is moderately wounded.
You feel sick.
You are no longer poisoned.
The bat hits you.
You hit the bat.
You kill the bat!
No target in view!
You start resting.
HP restored.
You start resting.
You feel yourself speed up.
A ball python comes into view.
Are you sure you want to abandon this character and quit the game? (Confirm with "yes".)

.......###.# #
.........##.#?#
.........$..##.#.##
...................#
.............##....###
.......................
.......................
....#.....†>..........
#..........@.........
.#.....##..........
#.J#.......#######
#.....###S.....#
................#
#J####..##......# . ##
#.#...S# ....#....#
.........##


You could see an endoplasm (wandering) and a ball python (wandering).

Vanquished Creatures
  An adder (D:3)
  An ufetubus (D:5)
  A ball python (D:3)
  A bat (D:3)
4 creatures vanquished.

Vanquished Creatures (others)
  A plant (D:5)
1 creature vanquished.

Grand Total: 5 creatures vanquished

Notes
Turn   | Place    | Note
-------+----------+-------------------------------------------
     0 | D:5      | Alarkh the Demonspawn Delver began the quest for the Orb.
     0 | D:5      | Reached XP level 1. HP: 18/18 MP: 1/1
     2 | D:5      | Found an ornate altar of the Wu Jian Council.
    52 | D:5      | Noticed a jelly
    99 | D:5      | Found a blossoming altar of Fedhas.
    99 | D:5      | Found a shimmering blue altar of Sif Muna.
   127 | D:5      | Noticed a hound
   272 | D:4      | Noticed a scorpion
   471 | D:3      | Gained mutation: A weak demonic guardian rushes to your
                  | aid. [demonic ancestry]
   471 | D:3      | Reached XP level 2. HP: 24/24 MP: 2/2
   504 | D:3      | Quit the game

Illustrated notes

Levels and vault maps discovered:
D:3:      layout_rooms, grunt_ashenzari_visionary
          [grunt_ashenzari_visionary_shoals, grunt_ashenzari_visionary_snake],
          mainiacjoe_overflow_catwalk
D:4:      layout_loops_cross, minmay_temple_entry_offerings, serial_shops,
          nicolae_diamond_shop, uniq_menkaure, uniq_ijyb, uniq_blork_the_orc,
          uniq_natasha
D:5:      layout_basic, nicolae_overflow_hidden_temple,
          gammafunk_temple_overflow_forgotten
D:6:      layout_cave_pods

Skill      XL: |  1 |
---------------+----+-----
Unarmed Combat | 2 |  2.8
Fighting       | |  3.0
Dodging        | |  1.7
Stealth        | |  4.5

Action                     || total
---------------------------++-------
  Melee: Unarmed           ||    19
    Use: Potion            ||     4
         Scroll            ||     3
   Stab: Invisible         ||     3
         Sleeping          ||     1
 Armour: Leather armour    ||     9
  Dodge: Dodged            ||    26
